 Dungeon Crawl Stone Soup version 0.23-a0-121-g4413648 (webtiles) character file.

22 Amnesiac the Gusty (level 2, 0/19 HPs)
             Began as a Mummy Air Elementalist on Aug 25, 2018.
             Slain by an orc
             ... wielding a +0 dagger
              (6 damage)
             ... on level 5 of the Dungeon.
             The game lasted 00:02:23 (956 turns).

Amnesiac the Gusty (Mummy Air Elementalist)          Turns: 956, Time: 00:02:24

Health: 0/19       AC:  3    Str: 11    XL:     2   Next: 68%
Magic:  5/6        EV: 12    Int: 14    God:
Gold:   40         SH:  0    Dex: 12    Spells: 4/7 levels left

rFire    x . .     SeeInvis .   (no weapon)
rCold    + . .     Gourm    .   (no shield)
rNeg     + + +     Faith    .   a - +0 robe
rPois    ∞         Spirit   .   b - +0 helmet
rElec    .         Reflect  .   (no cloak)
rCorr    .         Harm     .   (no gloves)
MR       .....                  (no boots)
Stlth    ++........             (no amulet)
HPRegen  0.06/turn              (no ring)
MPRegen  0.10/turn              (no ring)

@: about to teleport, very slightly contaminated
A: no food or potions, fire vulnerability, cold resistance 1, negative energy
resistance 3, torment resistance, unbreathing
a: no special abilities


You were on level 5 of the Dungeon.
You were not hungry.

You visited 1 branch of the dungeon, and saw 5 of its levels.

You collected 40 gold pieces.

Inventory:

Armour
 a - a +0 robe (worn)
 b - a +0 helmet (worn)
Wands
 e - a wand of acid (6)
Scrolls
 c - a scroll of identify {!r, unknown}


   Skills:
 - Level 1.5 Dodging
 - Level 1.5 Stealth
 + Level 3.1 Spellcasting
 - Level 0.7 Conjurations
 * Level 3.1 Air Magic


You had 4 spell levels left.
You knew the following spells:

 Your Spells              Type           Power        Failure   Level  Hunger
a - Shock                 Conj/Air       #...         10%         1    N/A
z - Swiftness             Chrm/Air       #.......     17%         2    N/A

Your spell library contained the following spells:

 Spells                   Type           Power        Failure   Level  Hunger
 Static Discharge         Conj/Air       #.......     28%         3    N/A
 Airstrike                Air            ##........   50%         4    N/A
 Lightning Bolt           Conj/Air       #.........   95%         5    N/A

Dungeon Overview and Level Annotations

Branches:
Dungeon (5/15)
 Temple: D:4-7

Altars:


Innate Abilities, Weirdness & Mutations

You do not eat or drink.
Your flesh is vulnerable to fire.
You are immune to poison.
Your flesh is cold resistant. (rC+)
You are immune to negative energy. (rN+++)
You are immune to unholy pain and torment.
You can survive without breathing.


Message History

You start resting.
Magic restored.
Found an escape hatch in the ceiling.
There is an escape hatch in the ceiling here.
You open the door.
There is an open door here.
There is an open door here.
You open the door.
There is an open door here.
As you open the door, it creaks loudly!
There is an open door here.
As you open the door, it creaks loudly!
There is an open door here.
Found an escape hatch in the floor.
You open the door.
There is an open door here.
A scorpion comes into view.
There is an open door here.
You close the door.
There is an escape hatch in the floor here.
There is an open door here.
There is an open door here.
You open the door.
There is an open door here.
The scorpion is too close now for your liking.
There is a stone staircase leading down here.
You climb downwards.
Found a scroll labeled NOTZUU UMUGH and a glowing amethyst potion.
There is a stone staircase leading up here.
c - a scroll labeled NOTZUU UMUGH {!r} You see here a glowing amethyst potion {!q}.
e - a wand of acid (6)
Found a hand axe.
You see here a hand axe. 2 orcs and an orc wizard come into view.
The orc wizard shouts!
The orc shouts!
The orc wizard casts a spell.
The orc wizard seems to speed up.
The orc wizard mumbles some strange words.
The orc wizard blinks!
The orc wizard casts a spell at you. The magic dart hits you!
The orc wizard hits you with a dagger.
The orc wizard gestures wildly while chanting.
The orc wizard blinks!
The orc hits you with a dagger.
* * * LOW HITPOINT WARNING * * *
The orc misses you.
Really read
d - a scroll labeled USTEBLEBRUXT {!r}?
As you read the scroll labeled USTEBLEBRUXT {!r}, it crumbles to dust.
You feel strangely unstable.
It was a scroll of teleportation {!r}.
The orc wizard barely misses you. The orc closely misses you.
The orc hits you with a whip.
* * * LOW HITPOINT WARNING * * *
Casting: Shock (safe; 10% risk of failure)
Confirm with . or Enter, or press ? or * to list all spells.
Aiming: Shock (safe; 10% risk of failure)
Press: ? - help, Shift-Dir - straight line You miscast Shock.
You are very lightly contaminated with residual magic.
You feel momentarily weightless.
The orc wizard hits you but does no damage.
The orc wizard closely misses you. The orc hits you with a dagger.
You die...

#o# #.#
#o# #.#
#o#####
#.o...#
#####.#
#o#
#@##
#oo#
#.##
#.# #.#
#.# #.#
#.# #.#


You could see an orc wizard and 2 orcs.

Vanquished Creatures
  A howler monkey skeleton (D:4)
  An adder skeleton (D:4)
  A leopard gecko (D:2)
  A goblin (D:2)
  A hobgoblin (D:2)
  A ball python (D:2)
  A bat (D:3)
  2 frilled lizards (D:1)
  A kobold (D:1)
  2 rats
12 creatures vanquished.

Notes
Turn   | Place    | Note
-------+----------+-------------------------------------------
     0 | D:1      | Amnesiac the Mummy Air Elementalist began the quest for the Orb.
     0 | D:1      | Reached XP level 1. HP: 13/13 MP: 4/4
   356 | D:2      | Reached XP level 2. HP: 14/19 MP: 0/5
   413 | D:2      | Learned a level 2 spell: Swiftness
   820 | D:4      | Noticed a scorpion
   868 | D:5      | Entered Level 5 of the Dungeon
   956 | D:5      | Slain by an orc

Vault maps used:
D:1:      dpeg_arrival_snail, kennysheep_decorative_pillar,
          kennysheep_minor_cross, hangedman_decor_peaks_small
D:2:      kennysheep_the_goblin_king, minmay_snake_closets
D:3:      lemuel_crystal_altar, uniq_robin
D:5:      temple_fountains, first_ration, uniq_pikel

Skill      XL: |  1  2 |
---------------+-------+-----
Air Magic      | 3 |  3.1
Spellcasting   | 3 |  3.1
Dodging        | |  1.5
Stealth        | |  1.5
Conjurations   | |  0.7

Action                   || total
-------------------------++-------
Melee: Unarmed           ||     5
 Cast: Shock             ||    23
  Use: Scroll            ||     2
Armor: Robe              ||    11
Dodge: Dodged            ||    17

Table legend:
 A = Non-vault XP
 B = Vault XP
 C = Vault XP percentage of total XP
 D = Non-vault monster count
 E = Vault monster count
 F = Vault count percentage of total count
                 A         B        C        D         E       F
            +---------+---------+-------+---------+---------+-------
      Total |      32 |       0 |   0.0 |      12 |       0 |   0.0
            +---------+---------+-------+---------+---------+-------
        D:1 |       4 |       0 |   0.0 |       4 |       0 |   0.0
        D:2 |       9 |       0 |   0.0 |       5 |       0 |   0.0
        D:3 |       1 |       0 |   0.0 |       1 |       0 |   0.0
        D:4 |      18 |       0 |   0.0 |       2 |       0 |   0.0
            +---------+---------+-------+---------+---------+-------
